 Dungeon Crawl Stone Soup version 0.27.1-34-g3ba077fa99 (webtiles) character file.

Game seed: 4886189988192432118

493 mtoz the Skirmisher (level 7, -11/44 HPs)
             Began as a Gargoyle Fighter on Jan 6, 2022.
             Mangled by a two-headed ogre (14 damage)
             ... on level 5 of the Dungeon.
             The game lasted 00:18:08 (5051 turns).

mtoz the Skirmisher (Gargoyle Fighter)              Turns: 5051, Time: 00:18:09

Health: -11/44     AC: 12    Str: 21 (22) XL:     7   Next: 15%
Magic:  7/7        EV:  7    Int:  7 (8)  God:
Gold:   134        SH:  4    Dex:  8 (9)  Spells: 6/6 levels left

rFire    . . .     SeeInvis .   a - +0 war axe
rCold    . . .     Faith    .   r - +0 buckler
rNeg     + . .     Spirit   .   e - +0 chain mail
rPois    ∞         Reflect  .   (no helmet)
rElec    +         Harm     .   (no cloak)
rCorr    .         Rampage  .   u - +1 pair of gloves
Will     .....                  (no boots)
Stlth    ..........             (no amulet)
HPRegen  0.14/turn              h - +4 ring of slaying
MPRegen  0.10/turn              (no ring)

@: studying Shields
A: sickness immunity, AC +4, negative energy resistance 1, electricity
resistance, torment resistance 1, petrification resistance, deformed body
a: no special abilities


You were on level 5 of the Dungeon.
You visited 1 branch of the dungeon, and saw 5 of its levels.

You collected 134 gold pieces.

Inventory:

Hand Weapons
 a - a +0 war axe (weapon)
 q - a +0 flail
Armour
 c - a +0 kite shield
 e - a +0 chain mail (worn)
 r - a +0 buckler (worn)
 u - a +1 pair of gloves (worn)
Jewellery
 h - a +4 ring of slaying (left hand)
Scrolls
 l - a scroll of summoning
 n - 3 scrolls of teleportation
 x - a scroll of magic mapping
Potions
 d - a potion of might
 f - a potion of heal wounds
 i - a potion of attraction
 j - a potion of flight
 p - 3 potions of curing


   Skills:
 * Level 5.5 Fighting
 * Level 4.0 Axes
 + Level 4.8 Armour
 + Level 4.8 Shields


You had 6 spell levels left.
You didn't know any spells.
Your spell library was empty.

Dungeon Overview and Level Annotations

Branches:
Dungeon (5/15)
 Temple: D:4-7

Altars:
Ashenzari

Shops:
D:1 *   D:4 *

Annotations:
D:5 2 runed translucent doors


Innate Abilities, Weirdness & Mutations

You are immune to sickness and miasma.
Your stone body is resilient. (AC +4)
You are immune to poison.
You resist negative energy. (rN+)
You are resistant to electric shocks. (rElec)
You are resistant to unholy torment.
You are immune to petrification.
Armour fits poorly on your strangely shaped body.


Message History

You closely miss the orc. You block the orc's attack.
You barely miss the orc. The orc hits you with a +0 dagger.
You closely miss the orc. The orc hits you but does no damage.
You barely miss the orc. The orc hits you but does no damage. x2
You slash the orc!
You kill the orc!
No target in view!
No target in view!
You are starting to lose your buoyancy.
Things that are here:
a +0 dagger; an orc corpse Your magical contamination has completely faded away.
HP restored.
You float gracefully downwards.
There is a stone staircase leading up here.
There is a stone staircase leading down here.
You climb downwards.
Level annotation: 2 runed translucent doors
Found 2 gold pieces.
There is a stone staircase leading up here.
You climb upwards.
There is a stone staircase leading down here.
There is a stone staircase leading down here.
You climb downwards.
Level annotation: 2 runed translucent doors The two-headed ogre shouts in stereo!
Found a scroll of teleportation.
There is a stone staircase leading up here.
Okay, then.
You climb upwards.
There is a stone staircase leading down here.
You climb downwards.
Level annotation: 2 runed translucent doors The two-headed ogre hits you with a +0 giant club! x2
* * * LOW HITPOINT WARNING * * *
There is a stone staircase leading up here.
The two-headed ogre hits you with a +0 giant club!
* * * LOW HITPOINT WARNING * * *
The two-headed ogre hits you with a +0 giant club!
You die...

##
#...##########
#....O@.......
#...#.########
## #. .^ ..?
.### #. #


You could see a two-headed ogre.

Vanquished Creatures
  Menkaure (D:4)
  A scorpion (D:4)
  A howler monkey (D:4)
  2 hounds (D:4)
  An orc priest (D:4)
  A centaur skeleton (D:4)
  An iguana (D:4)
  4 adders
  An adder skeleton (D:4)
  2 worms (D:2)
  A dart slug (D:2)
  8 orcs
  7 endoplasms
  2 giant cockroaches
  10 goblins
  3 hobgoblins
  4 jackals
  7 kobolds
  2 quokkas (D:3)
  7 ball pythons
  5 bats
  5 rats
76 creatures vanquished.

Vanquished Creatures (others)
  3 fungi (D:2)
  A plant (D:2)
4 creatures vanquished.

Grand Total: 80 creatures vanquished

Notes
Turn   | Place    | Note
-------+----------+-------------------------------------------
     0 | D:1      | mtoz the Gargoyle Fighter began the quest for the Orb.
     0 | D:1      | Reached XP level 1. HP: 14/14 MP: 1/1
    27 | D:1      | Found Tuopn's Assorted Antiques.
   160 | D:1      | Reached XP level 2. HP: 6/19 MP: 2/2
  1170 | D:2      | Reached XP level 3. HP: 23/23 MP: 3/3
  1780 | D:2      | Found a broken altar of Ashenzari.
  1934 | D:2      | Found a faded altar of an unknown god.
  2279 | D:3      | Reached XP level 4. HP: 21/29 MP: 4/4
  2696 | D:3      | Reached skill level 4 in Fighting
  3554 | D:4      | Noticed a scorpion
  3569 | D:4      | Killed a scorpion
  3570 | D:4      | Reached XP level 5. HP: 24/34 MP: 5/5
  3799 | D:4      | Noticed Menkaure
  3806 | D:4      | Killed Menkaure
  3807 | D:4      | Reached skill level 5 in Fighting
  3807 | D:4      | Reached XP level 6. HP: 19/40 MP: 6/6
  4260 | D:4      | Found Wit Onoe's Assorted Antiques.
  4267 | D:4      | Identified a scroll of acquirement
  4267 | D:4      | Acquired a manual of Shields
  4673 | D:4      | Reached XP level 7. HP: 31/44 MP: 7/7
  4918 | D:4      | Gained mutation: Armour fits poorly on your strangely
                  | shaped body. [potion of mutation]
  4939 | D:5      | Entered Level 5 of the Dungeon
  4939 | D:5      | Found a large runed translucent door.
  4939 | D:5      | Found a large runed translucent door.
  5046 | D:5      | Noticed a two-headed ogre
  5051 | D:5      | Mangled by a two-headed ogre

Illustrated notes

Levels and vault maps discovered:
D:1:      saegor_arrival_under_anarchy, layout_basic, serial_shops,
          nicolae_shop_overgrown_old_shop, minmay_vboxes
D:2:      layout_loops_ring, basic_altar, shapermc_ecumenical_altar_petra
D:3:      layout_basic
D:4:      layout_basic, serial_shops, nicolae_shop_stone, uniq_menkaure
D:5:      layout_loops_corners, hangedman_ru_absence,
          nicolae_gozag_seed_capital, elyvilon_altar_3,
          minmay_hollow_rounded_squares, uniq_blork_the_orc

Skill      XL: |  1  2  3  4  5  6  7 |
---------------+----------------------+-----
Axes           | 2 3 4 |  4.0
Armour         | 4 |  4.8
Fighting       | 4 5 |  5.5
Shields        | 4 |  4.8

Action                   |  1- 3 |  4- 6 |  7- 9 || total
-------------------------+-------+-------+-------++-------
Melee: War axe           |    90 |   101 |    16 ||   207
  Use: Scroll            |     3 |     6 |       ||     9
       Potion            |       |       |     8 ||     8
Armor: Scale mail        |    39 |    56 |       ||    95
       Chain mail        |       |       |    13 ||    13
Dodge: Dodged            |    36 |    35 |     5 ||    76
Block: Kite shield       |    55 |    23 |       ||    78
       Buckler           |       |    11 |     2 ||    13
